 Dungeon Crawl Stone Soup version 0.16-a0-4112-g89a4107 (webtiles) character file.

58 Malachi the Firebug (level 3, -2/24 HPs)
             Began as a Demonspawn Fire Elementalist on Feb 27, 2015.
             Slain by a hobgoblin
             ... wielding a +0 spear
              (3 damage)
             ... on level 2 of the Dungeon.
             The game lasted 00:04:39 (2258 turns).

Malachi the Firebug (Demonspawn Fire Elementalist)  Turns: 2258, Time: 00:04:39

Health: -2/24      AC:  2    Str:  8    XL:     3   Next: 76%
Magic:  0/6        EV: 12    Int: 17    God:
Gold:   106        SH:  0    Dex: 13    Spells: 3 memorised, 1 level left

rFire  . . .     SeeInvis .     f - -2 short sword (curse)
rCold  . . .     Clarity  .     a - +0 robe
rNeg   . . .     SustAb   .     (no shield)
rPois  .         Gourm    .     (helmet restricted)
rElec  .         Spirit   .     (no cloak)
rCorr  .         Warding  .     (no gloves)
rMut   .         Stasis   .     (no boots)
MR     .....                    (no amulet)
Stlth  ++........               (no ring)
                                (no ring)

@: not resistant to hostile enchantments, unstealthy
A: horns 1, demonic guardian 1
a: no special abilities


You were on level 2 of the Dungeon.
You were not hungry.

You visited 1 branch of the dungeon, and saw 2 of its levels.

You collected 106 gold pieces.

Inventory:

Hand weapons
 e - a +0 mace
 f - a cursed -2 short sword (weapon)
 g - a -2 club
 j - a +0 short sword
 r - a +0 falchion of slicing
Armour
 a - a +0 robe (worn)
Magical devices
 o - a wand of magic darts (26)
Scrolls
 i - 2 scrolls of identify
 k - 2 scrolls of recharging
Potions
 d - 2 potions of lignification
 l - a potion of curing {unknown}
 m - 2 potions of restore abilities {unknown}
 n - a potion of cancellation {unknown}
 p - a potion of poison {unknown}
Books
 b - a book of Flames

   Spells                             Type                      Level
   a - Flame Tongue                   Conjuration/Fire             1
   b - Throw Flame                    Conjuration/Fire             2
   c - Conjure Flame                  Conjuration/Fire             3
   d - Inner Flame                    Hexes/Fire                   3
   e - Sticky Flame                   Conjuration/Fire             4
   f - Fireball                       Conjuration/Fire             5
Comestibles
 c - a bread ration
 h - 3 fruits
 q - 2 chunks of flesh


   Skills:
 + Level 0.2 Fighting
 + Level 2.0 Dodging
 + Level 2.1 Stealth
 + Level 2.6 Spellcasting
 + Level 1.5 Conjurations
 + Level 3.3 Fire Magic
 + Level 0.2 Evocations


You had one spell level left.
You knew the following spells:

 Your Spells              Type           Power        Failure   Level  Hunger
a - Flame Tongue          Conj/Fire      ##...        10%         1    #......
b - Throw Flame           Conj/Fire      ##....       12%         2    ##.....
c - Conjure Flame         Conj/Fire      ##......     21%         3    ###....


Dungeon Overview and Level Annotations

Branches:
Dungeon (2/15)

Altars:


Innate Abilities, Weirdness & Mutations

You have a pair of small horns on your head.
A weak demonic guardian rushes to your aid.


Message History

You barely miss the hobgoblin. Your headbutt misses the hobgoblin.
The hobgoblin hits you with a spear.
Casting: Flame Tongue
Confirm with . or Enter, or press ? or * to list all spells.
Aiming: Flame Tongue
Press: ? - help, Shift-Dir - straight line, f/p - hobgoblin
Aim: a hobgoblin, wielding a spear and wearing a scale mail The flame tongue hits the hobgoblin.
The hobgoblin appears unharmed.
The hobgoblin misses you.
Evoke which item? (* to show all) (? for menu, Esc to quit)
Zapping:
o - a wand of magic darts {zapped: 20} (will waste charges)
Press: ? - help, Shift-Dir - straight line, f/p - hobgoblin
Aim: a hobgoblin, wielding a spear and wearing a scale mail The magic dart hits the hobgoblin.
The hobgoblin is severely wounded.
Evoking this partially-identified wand wasted a few charges.
The hobgoblin hits you with a spear!
* * * LOW HITPOINT WARNING * * *
The hobgoblin hits you from afar with a spear.
You die...

#.P♣*♣P..♣**,,,♣**,,,***, ##.P♣
♣P.P♣ *P..♣ *,,,* *,
#...♣♣♣..P♣♣♣P..♣**,,,***,
########....P.........PP.,,,,,,,,
....÷..........†)........,,,,,,,,
########†....P..P.P......,,,,,,,,
#.).♣♣♣...♣♣♣...♣**,,,***, #..P♣
♣.?.♣ *,..♣ *,,,* *,
#...♣♣♣(.@♣♣♣...♣♣♣,,,***,
#..PP()(...P...P...,,,,,,,
#..........g.......,,,,,,,
#.................,,,,,***
##################******


You could see a hobgoblin.

Vanquished Creatures
  A gnoll (D:2)
  A worm (D:2)
  3 giant geckos (D:2)
  An ooze (D:1)
  2 bats (D:2)
  6 goblins
  6 hobgoblins
  2 giant cockroaches
  3 jackals (D:2)
  9 kobolds
  3 rats
37 creatures vanquished.

Notes
Turn   | Place    | Note
--------------------------------------------------------------
     0 | D:1      | Malachi, the Demonspawn Fire Elementalist, began the quest for the Orb.
     0 | D:1      | Reached XP level 1. HP: 13/13 MP: 3/3
   410 | D:1      | Gained mutation: You have a pair of small horns on your head. [demonic ancestry]
   410 | D:1      | Reached XP level 2. HP: 17/19 MP: 1/4
   465 | D:1      | Reached skill level 3 in Fire Magic
  1287 | D:2      | Learned a level 2 spell: Throw Flame
  1801 | D:2      | Gained mutation: A weak demonic guardian rushes to your aid. [demonic ancestry]
  1801 | D:2      | Reached XP level 3. HP: 15/24 MP: 0/6
  2192 | D:2      | Learned a level 3 spell: Conjure Flame
  2257 | D:2      | HP: 1/24 [hobgoblin/spear (7)]
  2258 | D:2      | Slain by a hobgoblin

Action                   || total
-------------------------++-------
Melee: Club              ||    33
       Unarmed           ||     1
       Short sword       ||    11
 Cast: Flame Tongue      ||    48
       Throw Flame       ||     3
Evoke: Wand              ||    10
  Use: Scroll            ||     8
  Eat: Chunk             ||     5
